 Dungeon Crawl Stone Soup version 0.19.3-1-g3169bf9 (webtiles) character file.

13343 Naow the Severer (level 11, -7/160 HPs)
             Began as a Minotaur Berserker on Jan 26, 2017.
             Was a High Priest of Trog.
             Mangled by a swamp worm (8 damage)
             ... on level 2 of the Lair of Beasts.
             The game lasted 00:21:50 (13789 turns).

Naow the Severer (Minotaur Berserker)              Turns: 13789, Time: 00:21:51

Health: -7/160     AC: 12    Str: 32    XL:     11   Next: 74%
Magic:  3/3        EV:  8    Int:  4    God:    Trog [*****.]
Gold:   533        SH:  0    Dex: 10    Spells: 0 memorised, 10 levels left

rFire  . . .     SeeInvis +     K - +4 battleaxe (antimagic)
rCold  . . .     Gourm    .     d - +0 plate armour
rNeg   . . .     Faith    +     (shield currently unavailable)
rPois  .         Spirit   .     (helmet restricted)
rElec  .         Reflect  .     (no cloak)
rCorr  .         Harm     .     (no gloves)
MR     .....                    (no boots)
Stlth  ..........               C - amulet of faith
                                G - +2 ring of strength
                                v - ring "Ocokk" {*Slow Slay+4 SInv}

@: berserking, slowed
A: retaliatory headbutt, horns 2
a: Berserk, Trog's Hand, Brothers in Arms, Burn Spellbooks, Renounce Religion


You were on level 2 of the Lair of Beasts.
You worshipped Trog.
Trog was extremely pleased with you.
You were very hungry.

You visited 2 branches of the dungeon, and saw 12 of its levels.
You also visited: Ossuary.

You collected 698 gold pieces.
You spent 165 gold pieces at shops.

Inventory:

Hand Weapons
 a - a +1 hand axe
 J - a +2 battleaxe of electrocution
 K - a +4 antimagic battleaxe (weapon)
Armour
 b - a +0 animal skin
 d - a +0 plate armour (worn)
 E - +0 ice dragon scales
 I - a +0 shield
Jewellery
 v - the ring "Ocokk" (left hand) {*Slow Slay+4 SInv}
   (You bought it in a shop on level 9 of the Dungeon)

   [ring of see invisible]

   It affects your accuracy and damage with ranged weapons and melee attacks
   (+4).
   It lets you see invisible.
   It may slow you when you take damage.
 C - an amulet of faith (around neck)
 D - an uncursed ring of ice
 G - a +2 ring of strength (right hand)
 O - an uncursed ring of wizardry {unknown}
 T - an uncursed ring of positive energy {unknown}
Wands
 w - a wand of lightning (4/15)
 z - a wand of digging (24/24)
 R - a wand of hasting (1/9)
Scrolls
 f - 13 scrolls of identify
 j - a scroll of amnesia {unknown}
 l - 2 scrolls of magic mapping
 m - 4 scrolls of remove curse
 q - 4 scrolls of noise
 x - 6 scrolls of teleportation
 y - 7 scrolls of recharging
 A - 2 scrolls of fear
 H - 4 scrolls of enchant armour {unknown}
 P - 4 scrolls of fog
 Q - a scroll of random uselessness {unknown}
 S - a scroll of blinking
 V - a scroll of vulnerability {unknown}
Potions
 e - a potion of experience
 g - 6 potions of degeneration
 h - a potion of brilliance {unknown}
 i - 2 potions of berserk rage
 k - 3 potions of curing
 p - 2 potions of might {unknown}
 r - a potion of flight {unknown}
 t - 2 potions of cancellation {unknown}
 u - 2 potions of heal wounds {unknown}
 B - 5 potions of lignification {unknown}
 F - 2 potions of magic {unknown}
 M - a potion of invisibility {unknown}
Books
 o - a book of Necromancy

   Spells                             Type                      Level
   a - Pain                           Necromancy                   1
   b - Animate Skeleton               Necromancy                   1
   c - Vampiric Draining              Necromancy                   3
   d - Regeneration                   Charms/Necromancy            3
   e - Animate Dead                   Necromancy                   4
   f - Control Undead                 Necromancy                   4
   Trog disapproves of the use of such an item.
 U - a book of Beasts

   Spells                             Type                      Level
   a - Summon Butterflies             Summoning                    1
   b - Call Canine Familiar           Summoning                    3
   c - Summon Ice Beast               Ice/Summoning                4
   d - Summon Mana Viper              Hexes/Summoning              5
   e - Summon Hydra                   Summoning                    7
   Trog disapproves of the use of such an item.
Comestibles
 c - 7 bread rations
 n - 7 fruits
 s - 4 meat rations
 L - 7 royal jellies
 N - a slice of pizza
 W - 3 chunks of flesh
 X - a beef jerky


   Skills:
 + Level 13.4 Fighting
 * Level 17.8 Axes
 + Level 4.7 Armour
 - Level 2.1 Dodging


You had 10 spell levels left.
You didn't know any spells.

Dungeon Overview and Level Annotations

Branches:
Dungeon (10/15)            Temple (0/1) D:5            Lair (2/6) D:10
  Swamp (0/4) Lair:2          Orc (0/2) D:9
  Snake: Lair:2-4    Spider: Lair:2-4

Altars:
Ashenzari
Elyvilon
Gozag
Kikubaaqudgha
Nemelex Xobeh
Okawaru
Qazlal
Ru
Uskayaw
Xom
Yredelemnul
Zin

Shops:
D:6 (   D:9 *


Innate Abilities, Weirdness & Mutations

You reflexively headbutt those who attack you in melee.
You have a pair of horns on your head.


Message History

The electric eel shoots out a bolt of lightning at you!
The bolt of electricity hits you!
* * * LOW HITPOINT WARNING * * *
The swamp worm bites you!
* * * LOW HITPOINT WARNING * * *
There is a staircase to the Swamp, spattered with blood here.
Unknown command.
You closely miss the electric eel. You slash the swamp worm!
The swamp worm bites you!
* * * LOW HITPOINT WARNING * * *
A red film seems to cover your vision as you go berserk!
You feel yourself moving faster!
You feel mighty!
You are feeling very hungry.
The swamp worm bites you.
* * * LOW HITPOINT WARNING * * *
The electric eel shoots out a bolt of lightning at you!
The bolt of electricity hits you!
* * * LOW HITPOINT WARNING * * *
The swamp worm bites you!
You die...

### ###.###
#♣.P.#.. ♣......#
♣♣♣♣♣♣♣♣♣♣♣♣♣♣♣♣♣..
♣§§≈≈♣≈≈≈≈≈♣≈≈≈≈♣♣♣
♣§§......♣...♣.♣...
♣;@§.......♣.....(.
♣§w≈≈≈♣≈≈≈≈≈≈≈≈≈♣♣♣
♣♣♣♣♣♣♣♣♣♣♣♣♣♣♣♣♣..
... ...


You could see a swamp worm and an electric eel.

Vanquished Creatures
  The ghost of Naksu the Carver, a novice DrBe of Trog (D:6)
  A hill giant (D:10)
  A centaur zombie (D:10)
  A gargoyle (D:10)
  A spiny frog (Lair:1)
  A two-headed ogre (D:10)
  Grinder (D:5)
  A hornet (D:8)
  Prince Ribbit (D:5)
  6 orc warriors
  A wyvern (D:8)
  4 yaks
  2 basilisks
  3 hungry ghosts
  Edmund (D:5)
  2 swamp worms (Lair:2)
  A water moccasin (Lair:1)
  2 hell hounds (D:10)
  A porcupine (Lair:1)
  3 ice beasts
  A black bear (D:10)
  3 phantoms
  4 centaurs
  7 ogres
  A sky beast (D:5)
  2 crocodiles
  An elf zombie (Ossuary)
  A gnoll sergeant (D:8)
  6 bullfrogs
  8 scorpions
  21 killer bees (D:9)
  3 electric eels (D:9)
  4 howler monkeys
  6 crimson imps
  2 bullfrog skeletons
  2 bullfrog zombies
  5 jellies
  10 orc priests
  10 hounds
  3 centaur skeletons
  2 human zombies (Ossuary)
  4 iguanas
  11 orc wizards
  Ijyb (D:2)
  7 worker ants
  A killer bee zombie (D:5)
  2 big kobold zombies (Ossuary)
  A hound skeleton (D:5)
  4 mummies (Ossuary)
  A howler monkey zombie (D:8)
  A worker ant zombie (D:7)
  9 gnolls
  12 adders
  A howler monkey skeleton (D:5)
  A shadow imp (D:6)
  An ooze (D:5)
  2 adder zombies
  An adder skeleton (D:4)
  4 worms
  2 dart slugs
  9 leopard geckos
  48 orcs
  A ball python (D:2)
  9 giant cockroaches
  3 goblins
  3 hobgoblins
  12 jackals
  7 kobolds
  5 quokkas
  9 bats
  3 frilled lizards
  A gnoll zombie (Ossuary)
  A goblin zombie (Ossuary)
  A hobgoblin zombie (Ossuary)
  3 jackal zombies
  A kobold zombie (Ossuary)
  A leopard gecko skeleton (D:6)
  An orc zombie (Ossuary)
  A quokka zombie (D:9)
  3 rats
325 creatures vanquished.

Vanquished Creatures (collateral kills)
  4 killer bees (D:9)
4 creatures vanquished.

Vanquished Creatures (others)
  A human (D:6)
  A worker ant (D:6)
  A leopard gecko (D:6)
3 creatures vanquished.

Grand Total: 332 creatures vanquished

Notes
Turn   | Place    | Note
-------+----------+-------------------------------------------
     0 | D:1      | Naow the Minotaur Berserker began the quest for the Orb.
     0 | D:1      | Reached XP level 1. HP: 19/19 MP: 0/0
   209 | D:1      | Reached skill level 4 in Axes
   468 | D:1      | Reached XP level 2. HP: 27/27 MP: 1/1
   691 | D:2      | Noticed Ijyb
   696 | D:2      | Killed Ijyb
   696 | D:2      | Reached XP level 3. HP: 31/33 MP: 2/2
   971 | D:2      | Reached skill level 5 in Axes
  1218 | D:2      | Found an opulent altar of Gozag.
  1367 | D:2      | Found a sparkling altar of Nemelex Xobeh.
  1484 | D:2      | Reached XP level 4. HP: 41/41 MP: 3/3
  1746 | D:3      | Noticed an ogre
  1753 | D:3      | Killed an ogre
  1753 | D:3      | Reached skill level 5 in Fighting
  1753 | D:3      | Reached skill level 6 in Axes
  1753 | D:3      | Reached XP level 5. HP: 32/48 MP: 4/4
  1930 | D:3      | Reached ** piety under Trog
  2538 | D:4      | Noticed a phantom
  2547 | D:4      | Killed a phantom
  2547 | D:4      | Reached skill level 7 in Axes
  2547 | D:4      | Reached XP level 6. HP: 56/56 MP: 5/5
  2960 | D:4      | Found a hide-covered altar of Uskayaw.
  3007 | D:4      | Found a shattered altar of Ashenzari.
  3014 | D:4      | Found a shimmering altar of Xom.
  3014 | D:4      | Found an iron altar of Okawaru.
  3077 | D:4      | Reached skill level 8 in Axes
  3139 | D:4      | Reached XP level 7. HP: 58/63 MP: 6/6
  3415 | D:5      | Entered Level 5 of the Dungeon
  3627 | D:5      | Reached skill level 9 in Axes
  3655 | D:5      | Reached *** piety under Trog
  3751 | D:5      | Noticed Prince Ribbit
  3768 | D:5      | Killed Prince Ribbit
  3768 | D:5      | Reached XP level 8. HP: 39/73 MP: 7/7
  3929 | D:5      | Reached skill level 10 in Axes
  4005 | D:5      | Noticed Grinder
  4017 | D:5      | Killed Grinder
  4226 | D:5      | Found a staircase to the Ecumenical Temple.
  4317 | D:5      | Noticed Edmund
  4330 | D:5      | Killed Edmund
  4465 | D:5      | Reached skill level 11 in Axes
  4492 | D:5      | Found a white marble altar of Elyvilon.
  4809 | D:6      | HP: 3/75 [orc/flail (7)]
  4825 | D:6      | Reached skill level 15 in Axes
  4825 | D:6      | Reached XP level 9. HP: 11/89 MP: 8/8
  4949 | D:6      | Noticed Naksu's ghost (novice DrBe)
  5173 | D:6      | Killed Naksu's ghost
  5173 | D:6      | Reached XP level 10. HP: 89/96 MP: 9/9
  5374 | D:6      | Found a runed door.
  5378 | D:6      | Found a basalt altar of Yredelemnul.
  5389 | D:6      | Found a shattered altar of Ashenzari.
  5469 | D:6      | Found Riut's Antique Weapon Emporium.
  6168 | D:6      | Found a basalt altar of Yredelemnul.
  6169 | D:6      | Found an ancient bone altar of Kikubaaqudgha.
  6247 | D:7      | Found a sand-covered staircase.
  6265 | Ossuary  | Entered an ossuary
  6276 | Ossuary  | Reached **** piety under Trog
  7521 | D:8      | Reached skill level 16 in Axes
  9752 | D:9      | Reached XP level 11. HP: 28/105 MP: 10/10
 10682 | D:9      | Found a stormy altar of Qazlal.
 10761 | D:9      | Reached ***** piety under Trog
 10902 | D:9      | Found Ylal's Assorted Antiques.
 10905 | D:9      | Bought a fine platinum ring for 165 gold pieces
 10906 | D:9      | Identified the ring "Ocokk" {*Slow Slay+4 SInv} (You bought it in a shop on level 9 of the Dungeon)
 10921 | D:9      | Reached skill level 17 in Axes
 10970 | D:9      | Found a staircase to the Orcish Mines.
 10996 | D:9      | Received a gift from Trog
 11435 | D:9      | Found a sacrificial altar of Ru.
 11669 | D:10     | Entered Level 10 of the Dungeon
 11856 | D:10     | Found a staircase to the Lair.
 11862 | D:10     | Noticed a hill giant
 11874 | D:10     | Killed a hill giant
 12856 | Lair:1   | Entered Level 1 of the Lair of Beasts
 13281 | Lair:1   | Found a glowing silver altar of Zin.
 13775 | Lair:2   | Found a staircase to the Swamp.
 13789 | Lair:2   | HP: 1/160 [electric eel/bolt of electricity (11)]
 13789 | Lair:2   | Mangled by a swamp worm

Skill      XL: |  1  2  3  4  5  6  7  8  9 10 11 |
---------------+----------------------------------+-----
Axes           | 4 5 6 7 8 9 15 16 17 | 17.8
Fighting       | 4 5 6 7 11 12 13 | 13.4
Armour         | 4 |  4.7
Dodging        | |  2.1

Action                   |  1- 3 |  4- 6 |  7- 9 | 10-12 || total
-------------------------+-------+-------+-------+-------++-------
Melee: Hand axe          |    65 |   112 |   181 |   519 ||   877
       Headbutt          |    11 |    23 |    39 |   110 ||   183
       Battleaxe         |       |       |       |   118 ||   118
Invok: Berserk           |       |     2 |     4 |     6 ||    12
       Trog's Hand       |       |       |     1 |     1 ||     2
       Brothers in Arms  |       |       |       |     1 ||     1
  Use: Potion            |       |       |     3 |       ||     3
       Scroll            |       |       |    11 |       ||    11
  Eat: Chunk             |     2 |     7 |     7 |    25 ||    41
       Royal jelly       |       |       |     1 |       ||     1
       Fruit             |       |       |       |     2 ||     2
       Beef jerky        |       |       |       |     2 ||     2
       Meat ration       |       |       |       |     2 ||     2
Armor: Animal skin       |     8 |       |       |       ||     8
       Plate armour      |    21 |    54 |    60 |   262 ||   397
Dodge: Dodged            |    36 |    45 |    53 |   172 ||   306
